 Dungeon Crawl Stone Soup version 0.28.0-43-g3370ac3207 (webtiles) character file.

Game seed: 6583790090600105850

350 jimonade the Shooter (level 6, -11/48 (51) HPs)
             Began as a Gnoll Wanderer on Mar 17, 2022.
             Engulfed by a cloud of flame (23 damage)
             ... on level 2 of the Dungeon.
             The game lasted 00:10:35 (2455 turns).

jimonade the Shooter (Gnoll Wanderer)               Turns: 2455, Time: 00:10:36

HP:   -11/48 (51)   AC: 13    Str: 17    XL:     6   Next: 60%
MP:   11/11         EV:  7    Int: 14    God:
Gold: 145           SH:  0    Dex: 10    Spells: 11/12 levels left

rFire   . . .      SeeInvis +   z - +0 hand axe (venom)
rCold   . . .      Faith    .   (no shield)
rNeg    . . .      Spirit   .   m - +0 chain mail
rPois   .          Reflect  .   (no helmet)
rElec   +          Harm     .   t - +4 cloak "Akuoskym" {*Slow rElec Str+5 SInv}
rCorr   .          Rampage  .   (no gloves)
Will    .....                   (no boots)
Stlth   ..........              f - amulet of the acrobat
HPRegen 0.16/turn               (no ring)
MPRegen 0.12/turn               (no ring)

@: drained
A: fangs 1, strong nose, distributed training
a: no special abilities


You were on level 2 of the Dungeon.
You visited 1 branch of the dungeon, and saw 4 of its levels.

You collected 145 gold pieces.

Inventory:

Hand Weapons
 a - a +0 vorpal shortbow
 q - a +0 hunting sling
 x - a +0 trident
 z - a +0 hand axe of venom (weapon)
Missiles
 b - 49 arrows
 c - 11 poisoned darts (quivered)
 h - 11 sling bullets
 l - 96 stones
 p - 19 bolts
Armour
 e - a +0 leather armour
 i - an orb of mayhem
 m - a +0 chain mail (worn)
 n - an orb of guile
 t - the +4 cloak "Akuoskym" (worn) {*Slow rElec Str+5 SInv}
   (You found it on level 2 of the Dungeon)

   Str:       It affects your strength (+5).
   rElec:     It insulates you from electricity.
   SInv:      It lets you see invisible.
   *Slow:     It may slow you when you take damage.
 A - a +0 ring mail
Jewellery
 f - an amulet of the acrobat (around neck)
Scrolls
 g - 2 scrolls of identify
 o - 2 scrolls of immolation
 u - a scroll of silence {unknown}
 w - a scroll of enchant armour {unknown}
 y - a scroll of teleportation {unknown}
 B - a scroll of vulnerability {unknown}
 C - a scroll of fear {unknown}
Potions
 j - a potion of flight
 k - a potion of magic {unknown}
 r - a potion of lignification {unknown}
 s - a potion of ambrosia {unknown}


   Skills:
 + Level 5.0 Fighting
 + Level 2.0 Short Blades
 + Level 2.0 Long Blades
 + Level 2.0 Axes
 + Level 2.0 Maces & Flails
 + Level 2.0 Polearms
 + Level 2.0 Staves
 + Level 2.0 Slings
 + Level 6.8 Bows
 + Level 2.0 Crossbows
 + Level 3.3 Throwing
 + Level 2.0 Armour
 + Level 2.0 Dodging
 + Level 2.0 Stealth
 + Level 2.0 Shields
 + Level 2.0 Unarmed Combat
 + Level 3.5 Spellcasting
 + Level 1.6 Conjurations
 + Level 1.6 Hexes
 + Level 1.6 Summonings
 + Level 1.6 Necromancy
 + Level 1.6 Translocations
 + Level 5.7 Transmutations
 + Level 1.6 Fire Magic
 + Level 1.6 Ice Magic
 + Level 1.6 Air Magic
 + Level 1.6 Earth Magic
 + Level 1.6 Poison Magic
 + Level 2.2 Invocations
 + Level 2.0 Evocations


You had 11 spell levels left.
You knew the following spells:

 Your Spells              Type           Power      Damage    Failure   Level
a - Beastly Appendage     Tmut           36%        N/A       30%         1

Your spell library contained the following spells:

 Spells                   Type           Power      Damage    Failure   Level
 Freeze                   Ice            28%        1d5       86%         1
 Corpse Rot               Necr/Air       14%        N/A       94%         2
 Ignite Poison            Fire/Tmut/Pois 10%        N/A       96%         3
 Call Canine Familiar     Summ           7%         N/A       99%         3
 Frozen Ramparts          Ice            14%        1d3       99%         3
 Portal Projectile        Hex/Tloc       14%        N/A       99%         3
 Dispel Undead            Necr           7%         3d8       100%        4
 Hailstorm                Conj/Ice       7%         3d4       100%        4
 Leda's Liquefaction      Hex/Erth       3%         N/A       100%        4
 Death Channel            Necr           3%         N/A       100%        6


Dungeon Overview and Level Annotations

Branches:
Dungeon (4/15)
 Temple: D:4-7

Altars:
Cheibriados
Kikubaaqudgha
Nemelex Xobeh

Annotations:
D:3 Grinder


Innate Abilities, Weirdness & Mutations

You have very sharp teeth.
Your uncanny sense of smell can sniff out nearby items.
Your experience applies equally to all skills.


Message History

The kobold shouts!
You hear a shout!
Terence the Incautious comes into view.
He is wielding the +7 Throatcutter {drain, coup de grace}.
You hit the kobold but do no damage.
The kobold is poisoned.
The kobold closely misses you.
You completely miss the kobold. You bite the kobold.
The kobold is moderately wounded.
The kobold hits you but does no damage. x2
You closely miss the kobold. Your bite misses the kobold.
The kobold is moderately wounded.
Terence drinks a potion.
Terence suddenly seems more resistant.
The kobold hits you but does no damage.
You kill the kobold!
As you read the scroll labelled XOEDARPH QUNNA, it crumbles to dust.
It is a scroll of identify.
j - a potion of flight
As you read the scroll labelled VAPEOZ BIGA, it crumbles to dust.
The creatures around you are filled with an inner flame!
It was a scroll of immolation.
Unknown command.
Press: ? - help, v - describe, . - travel
Here: Terence, wielding the +7 Throatcutter {drain, coup de grace} and wearing a +0 chain mail (inner flame, unusually resistant)
The floor.
Unknown command.
Unknown command.
You hit Terence.
Flame seeps out of Terence.
Terence is moderately wounded.
Terence is engulfed in blazing flames.
Flame seeps out of Terence.
Terence hits you with the +7 Throatcutter {drain, coup de grace}!
You feel drained.
You hit Terence.
Flame seeps out of Terence.
Terence is severely wounded.
Terence is engulfed in blazing flames.
Flame seeps out of Terence.
Terence hits you with the +7 Throatcutter {drain, coup de grace}.
You feel drained.
You hit Terence.
Terence explodes!
The fiery explosion engulfs you!!
* * * LOW HITPOINT WARNING * * *
You are engulfed in blazing flames.
You die...

#.####### #.# ##.# .).#
####
#########################
#..............@°§......#
#.####################)##
##'#............# #.#
#..).....######.# #@#
'....)...'..>.# #.#
#........####.# #.#
#...)....+....# ..#
#...........### ###
#...........#


There were no monsters in sight!

Vanquished Creatures
  A bullfrog (D:3)
  2 vampire bats (D:3)
  A jelly (D:4)
  A centaur skeleton (D:4)
  Terence (D:2)
  An iguana (D:4)
  5 adders
  3 worms
  A dart slug (D:1)
  6 orcs (D:4)
  A bat skeleton (D:3)
  4 bat zombies (D:3)
  7 endoplasms
  A giant cockroach (D:2)
  5 goblins
  2 hobgoblins
  A quokka (D:2)
  3 ball pythons
  9 bats
  6 kobolds
  4 rats
65 creatures vanquished.

Notes
Turn   | Place    | Note
-------+----------+-------------------------------------------
     0 | D:1      | jimonade the Gnoll Wanderer began the quest for the Orb.
     0 | D:1      | jimonade set off with the following items: a +0 vorpal
                  | shortbow, 26 arrows, 9 poisoned darts, a +0 dagger, a +0
                  | leather armour; and the following spell memorised: Beastly
                  | Appendage; and the following spells available to memorise:
                  | Ignite Poison
     0 | D:1      | Reached XP level 1. HP: 20/20 MP: 4/4
   110 | D:1      | Reached XP level 2. HP: 26/26 MP: 5/5
   896 | D:2      | Reached XP level 3. HP: 31/31 MP: 7/7
  1073 | D:2      | Reached skill level 1 in Invocations
  1171 | D:2      | Reached skill level 1 in Short Blades
  1171 | D:2      | Reached skill level 1 in Long Blades
  1171 | D:2      | Reached skill level 1 in Axes
  1171 | D:2      | Reached skill level 1 in Maces & Flails
  1171 | D:2      | Reached skill level 1 in Polearms
  1171 | D:2      | Reached skill level 1 in Staves
  1171 | D:2      | Reached skill level 1 in Slings
  1171 | D:2      | Reached skill level 1 in Crossbows
  1171 | D:2      | Reached skill level 1 in Armour
  1171 | D:2      | Reached skill level 1 in Dodging
  1171 | D:2      | Reached skill level 1 in Stealth
  1171 | D:2      | Reached skill level 1 in Shields
  1171 | D:2      | Reached skill level 1 in Unarmed Combat
  1171 | D:2      | Reached skill level 1 in Evocations
  1180 | D:2      | Reached XP level 4. HP: 38/38 MP: 8/8
  1256 | D:2      | Identified the +4 cloak "Akuoskym" {*Slow rElec Str+5 SInv}
  1378 | D:2      | Found a sparkling altar of Nemelex Xobeh.
  1416 | D:2      | You fall into a shaft and drop 2 floors!
  1499 | D:4      | Reached skill level 1 in Conjurations
  1499 | D:4      | Reached skill level 1 in Hexes
  1499 | D:4      | Reached skill level 1 in Summonings
  1499 | D:4      | Reached skill level 1 in Necromancy
  1499 | D:4      | Reached skill level 1 in Translocations
  1499 | D:4      | Reached skill level 1 in Fire Magic
  1499 | D:4      | Reached skill level 1 in Ice Magic
  1499 | D:4      | Reached skill level 1 in Air Magic
  1499 | D:4      | Reached skill level 1 in Earth Magic
  1499 | D:4      | Reached skill level 1 in Poison Magic
  1528 | D:4      | Reached XP level 5. HP: 43/43 MP: 9/9
  1837 | D:4      | Found a snail-covered altar of Cheibriados.
  1939 | D:4      | Noticed an ogre
  1988 | D:3      | Found an ancient bone altar of Kikubaaqudgha.
  2052 | D:3      | Reached XP level 6. HP: 50/50 MP: 9/11
  2115 | D:3      | Reached skill level 5 in Fighting
  2366 | D:3      | Noticed Grinder
  2440 | D:2      | Noticed Terence
  2455 | D:2      | Killed Terence
  2455 | D:2      | Engulfed by a cloud of flame

Illustrated notes

Levels and vault maps discovered:
D:1:      psy_arrival_terrarium, layout_basic, st_stairs_7
D:2:      layout_basic, basic_altar, minmay_circled_x, uniq_terence
D:3:      layout_basic, kennysheep_vampire_church, basic_ecumenical_altar,
          amcnicky_mini_corridor_feature, kennysheep_generic_room_16,
          uniq_grinder
D:4:      layout_loops_ring, nicolae_gozag_seed_capital,
          mainiacjoe_overflow_small_starburst

Skill      XL: |  1  2  3  4  5  6 |
---------------+-------------------+-----
Invocations    | 1 2 |  2.2
Short Blades   | 1 2 |  2.0
Long Blades    | 1 2 |  2.0
Axes           | 1 2 |  2.0
Maces & Flails | 1 2 |  2.0
Polearms       | 1 2 |  2.0
Staves         | 1 2 |  2.0
Slings         | 1 2 |  2.0
Crossbows      | 1 2 |  2.0
Armour         | 1 2 |  2.0
Dodging        | 1 2 |  2.0
Stealth        | 1 2 |  2.0
Shields        | 1 2 |  2.0
Unarmed Combat | 1 2 |  2.0
Evocations     | 1 2 |  2.0
Spellcasting   | 3 |  3.5
Conjurations   | 1 |  1.6
Hexes          | 1 |  1.6
Summonings     | 1 |  1.6
Necromancy     | 1 |  1.6
Translocations | 1 |  1.6
Fire Magic     | 1 |  1.6
Ice Magic      | 1 |  1.6
Air Magic      | 1 |  1.6
Earth Magic    | 1 |  1.6
Poison Magic   | 1 |  1.6
Throwing       | 3 |  3.3
Fighting       | 5 |  5.0
Bows           | |  6.8
Transmutations | |  5.7

Action                   |  1- 3 |  4- 6 || total
-------------------------+-------+-------++-------
Melee: Shortbow          |       |     1 ||     1
       Hand axe          |       |    78 ||    78
       Bite              |       |    12 ||    12
       Punch             |       |     2 ||     2
 Fire: Shortbow          |    71 |    47 ||   118
 Cast: Beastly Appendage |     1 |       ||     1
  Use: Scroll            |       |     2 ||     2
Armor: Leather armour    |     8 |     1 ||     9
       Chain mail        |       |   111 ||   111
Dodge: Dodged            |    12 |    92 ||   104
